 Dungeon Crawl Stone Soup version 0.20-b1-18-gaa2fd62 (webtiles) character file.

40 cereshysteria the Ruffian (level 3, 0/36 HPs)
             Began as a Troll Berserker on May 24, 2017.
             Was a Believer of Trog.
             Slain by Sigmund
             ... wielding a +0 scythe
              (8 damage)
             ... on level 2 of the Dungeon.
             The game lasted 00:04:50 (744 turns).

cereshysteria the Ruffian (Troll Berserker)          Turns: 744, Time: 00:04:51

Health: 0/36       AC:  5    Str: 25    XL:     3   Next: 30%
Magic:  2/2        EV: 10    Int:  3    God:    Trog [**....]
Gold:   38         SH:  0    Dex: 10    Spells: 2/2 levels left

rFire    . . .     SeeInvis .   d - +0 short sword (curse)
rCold    . . .     Gourm    +   (no shield)
rNeg     . . .     Faith    .   a - +0 animal skin
rPois    .         Spirit   .   (helmet restricted)
rElec    .         Reflect  .   (no cloak)
rCorr    .         Harm     .   (gloves unavailable)
MR       .....                  (boots unavailable)
Stlth    +.........             (no amulet)
Regen    0.6/turn               (no ring)
MPRegen  0.1/turn               (no ring)

@: no status effects
A: unfitting armour, claws 3, fast metabolism 3, gourmand, regeneration 1,
shaggy fur 1, tough skin 2
a: Berserk, Trog's Hand, Burn Spellbooks, Renounce Religion


You were on level 2 of the Dungeon.
You worshipped Trog.
Trog was pleased with you.
You were not hungry.

You visited 1 branch of the dungeon, and saw 2 of its levels.

You collected 38 gold pieces.

Inventory:

Hand Weapons
 d - a cursed +0 short sword (weapon)
Armour
 a - a +0 animal skin (worn)
Potions
 c - a potion of curing {unknown}
 e - a potion of haste {unknown}
 i - a potion of cancellation {unknown}
Comestibles
 b - a bread ration
 g - a meat ration
 h - a royal jelly


   Skills:
 + Level 2.8 Fighting
 + Level 3.0 Dodging
 + Level 0.1 Stealth
 + Level 3.3 Unarmed Combat


You had 2 spell levels left.
You didn't know any spells.

Dungeon Overview and Level Annotations

Branches:
Dungeon (2/15)

Altars:

Annotations:
D:2 Sigmund


Innate Abilities, Weirdness & Mutations

You are too large for most types of armour.
You have claws for hands.
Your metabolism is lightning-fast.
You like to eat raw meat.
Your natural rate of healing is unusually fast.
You are covered in fur. (AC +1)
You have very tough skin. (AC +2)


Message History

Sigmund the Dreaded comes into view.
He is wielding a scythe.
Sigmund shouts!
A kobold comes into view. It is wielding a dagger.
The kobold shouts!
Sigmund hits you from afar with a scythe!
Sigmund hits you from afar with a scythe!
A worm comes into view.
Sigmund hits you from afar with a scythe!
* * * LOW HITPOINT WARNING * * *
Sigmund closely misses you. The kobold hits you with a dagger.
* * * LOW HITPOINT WARNING * * *
Sigmund gestures wildly while chanting.
Sigmund flickers and vanishes!
Deactivating autopickup; reactivate with Ctrl-A.
You barely miss something. The kobold barely misses you.
Something hits you but does no damage.
You closely miss something. The kobold hits you but does no damage.
Something hits you!
You die...

#........... #.!.....
#........#.###......#
#........#.#........##
#......###.#.#.#......
#..........#..........
#.......##.#...#......
#........#...#......
#............#[##...
##.@#.....#.........
#.K{..#.#....#.#####
#......##.#####...# #
#.......... .....# #
#...#.......###...# ..
#............ ....#...
#....#......##....#...
####. .##..# #.####


You could see a kobold.

Vanquished Creatures
  2 oozes (D:1)
  A dart slug (D:1)
  A leopard gecko (D:1)
  2 giant cockroaches (D:1)
  3 goblins
  4 hobgoblins
  A ball python (D:2)
  3 bats
  A frilled lizard (D:1)
  6 kobolds
  8 rats
32 creatures vanquished.

Notes
Turn   | Place    | Note
-------+----------+-------------------------------------------
     0 | D:1      | cereshysteria the Troll Berserker began the quest for the Orb.
     0 | D:1      | Reached XP level 1. HP: 22/22 MP: 0/0
   120 | D:1      | Reached XP level 2. HP: 28/29 MP: 1/1
   449 | D:1      | Reached XP level 3. HP: 36/36 MP: 2/2
   480 | D:1      | Reached ** piety under Trog
   583 | D:2      | Paralysed by fainting for 9 turns
   732 | D:2      | Noticed Sigmund
   744 | D:2      | Slain by Sigmund

Skill      XL: |  1  2  3 |
---------------+----------+-----
Dodging        | 3 |  3.0
Fighting       | |  2.8
Stealth        | |  0.1
Unarmed Combat | |  3.3

Action                   || total
-------------------------++-------
Melee: Short sword       ||    96
       Unarmed           ||     4
       Punch             ||     1
 Stab: Sleeping          ||     1
  Eat: Bread ration      ||     1
Armor: Animal skin       ||    77
Dodge: Dodged            ||    97
